 Dungeon Crawl Stone Soup version 0.29-a0-334-gb41bcbb86e (webtiles) character file.

Game seed: 8930287615098030745

3 chopper the Vexing (level 1, -1/11 HPs)
             Began as a Deep Elf Arcane Marksman on Apr 14, 2022.
             Slain by a jackal (2 damage)
             ... on level 1 of the Dungeon.
             The game lasted 00:02:03 (65 turns).

chopper the Vexing (Deep Elf Arcane Marksman)         Turns: 65, Time: 00:02:04

Health: -1/11      AC:  2    Str:  7    XL:     1   Next: 41%
Magic:  1/5        EV: 12    Int: 17    God:
Gold:   0          SH:  0    Dex: 15    Spells: 2/3 levels left

rFire   . . .      SeeInvis .   a - +0 shortbow
rCold   . . .      Faith    .   (shield currently unavailable)
rNeg    . . .      Spirit   .   b - +0 robe
rPois   .          Reflect  .   (no helmet)
rElec   .          Harm     .   (no cloak)
rCorr   .          Rampage  .   (no gloves)
Will    .....                   (no boots)
Stlth   +.........              (no amulet)
HPRegen 0.03/turn               (no ring)
MPRegen 0.09/turn               (no ring)

@: no status effects
A: no striking features
a: no special abilities


You were on level 1 of the Dungeon.
You visited 1 branch of the dungeon, and saw 1 of its levels.

Inventory:

Hand Weapons
 a - a +0 shortbow (weapon)
Armour
 b - a +0 robe (worn)
Scrolls
 c - a scroll of vulnerability


   Skills:
 + Level 0.7 Fighting
 + Level 2.7 Bows
 + Level 2.5 Dodging
 + Level 1.5 Spellcasting
 + Level 4.2 Hexes


You had 2 spell levels left.
You knew the following spells:

 Your Spells              Type           Power      Damage    Failure   Level
a - Slow                  Hex            60%        N/A       3%          1

Your spell library contained the following spells:

 Spells                   Type           Power      Damage    Failure   Level
 Inner Flame              Hex/Fire       8%         N/A       26%         3
 Portal Projectile        Hex/Tloc       16%        N/A       26%         3
 Cause Fear               Hex            7%         N/A       34%         4


Dungeon Overview and Level Annotations

Branches:
Dungeon (1/15)

Altars:

Shops:
D:1 [


Message History

Press: ? - help, Q - select action, (/) - cycle Shift-Dir - straight line, f - ball python
Aim: a ball python (chance to affect: 71%)
The ball python struggles to resist.
The ball python completely misses you. The ball python barely misses you.
You don't have enough magic to cast this spell.
Shoot: a) +0 shortbow
Press: ? - help, Shift-Dir - straight line, f/p - ball python
Aim: a ball python (55% to hit)
You shoot an arrow.
The arrow completely misses the ball python.
The jackal barely misses you. The ball python bites you.
The ball python barely misses you.
The ball python bites you but does no damage.
The ball python closely misses you.
Shoot: a) +0 shortbow
Press: ? - help, Shift-Dir - straight line, f/p - ball python
Aim: a ball python (55% to hit)
You shoot an arrow. The arrow hits the ball python.
The ball python is moderately wounded.
The ball python bites you but does no damage.
The ball python grabs you. The ball python constricts you.
The jackal bites you. The jackal closely misses you.
Shoot: a) +0 shortbow
Press: ? - help, Shift-Dir - straight line, f/p - ball python
Aim: a ball python (moderately wounded, constricting you, 55% to hit)
You shoot an arrow. The arrow hits the ball python!
You kill the ball python!
The jackal barely misses you. x2; The jackal bites you.
The jackal closely misses you.
Shoot: a) +0 shortbow
Press: ? - help, Shift-Dir - straight line, f - jackal
Aim: a jackal (51% to hit)
You shoot an arrow. The arrow completely misses the jackal.
The jackal closely misses you. The jackal bites you.
* * * LOW HITPOINT WARNING * * *
The jackal barely misses you. The jackal closely misses you.
The jackal attacks as you move away! The jackal bites you.
* * * LOW HITPOINT WARNING * * *
The jackal bites you.
You die...

#...# #...# #.#.#
######### #.#.# #######
#........ #...#
#.....###.......∩
#...###...........(....
#...#.........h........
#.#.#.#######.h........
#.#.#.# #@#†.......
#...#.# #†#........
#...#.# #.#........
#...#.# #.#.....##.
#...#.# #.#......$
#.....# .....##.#.#
####### .....# .#.. ...


You could see 2 jackals.

Vanquished Creatures
  A quokka (D:1)
  A ball python (D:1)
  2 bats (D:1)
4 creatures vanquished.

Notes
Turn   | Place    | Note
-------+----------+-------------------------------------------
     0 | D:1      | chopper the Deep Elf Arcane Marksman began the quest for
                  | the Orb.
     0 | D:1      | Reached XP level 1. HP: 11/11 MP: 5/5
    57 | D:1      | Found Meast's Antique Armour Boutique.
    65 | D:1      | Slain by a jackal

Illustrated notes

Levels and vault maps discovered:
D:1:      wheals_arrival_shading, layout_rooms, serial_shops, shop

Action                   || total
-------------------------++-------
 Fire: Shortbow          ||    10
 Cast: Slow              ||     7
Armor: Robe              ||     3
Dodge: Dodged            ||    20

Table legend: (Time is in decaauts)
 A = Elapsed time spent in this place.
 B = Non-inter-level travel time spent in this place.
 C = Inter-level travel time spent in this place.
 D = Time resting spent in this place.
 E = Time spent auto-exploring this place.
 F = Levels seen in this place.
 G = Mean time per level.
                   A        B        C        D        E       F      G
               +--------+--------+--------+--------+--------+-----+--------+
         Total |     68 |     68 |      0 |      0 |      0 |   1 |   68.0 |
       Dungeon |     68 |     68 |      0 |      0 |      0 |   1 |   68.0 |
               +--------+--------+--------+--------+--------+-----+--------+

Top non-repeatable levels by time:
     D:1: 68 daAuts
